Map: [ESL] Oceanborn

Players

LiquidMaNa (MaNa)

  • Race: Protoss Protoss
  • League: Grandmaster
  • Spawn Location: 11:00

Wayne (Vanya) - Winner!

  • Race: Zerg Zerg
  • Spawn Location: 5:00

VOD

Have the link to the VOD?

Description

Time

  • Played on: Nov. 21, 2023, 10 a.m.
  • Length: 12:03
Show
View Real Time Build Order
Export as new Build Order

LiquidMaNa Protoss 

Build Orders: 1 Gate Expand, Oracle Opening 

Get SALT Encoding   

  12  0:00  Probe  
  13  0:12  Probe  
  14  0:19  Pylon  
  14  0:24  Probe  
  15  0:37  Probe (Chrono Boost)  
  16  0:44  Gateway  
  16  0:46  Probe (Chrono Boost)  
  17  0:52  Probe (Chrono Boost)  
  17  0:53  Assimilator  
  18  1:04  Probe (Chrono Boost)  
  19  1:14  Probe (Chrono Boost)  
  20  1:18  Probe (Chrono Boost)  
  21  1:29  Nexus  
  21  1:40  Cybernetics Core  
  21  1:42  Probe  
  22  1:48  Assimilator  
  22  1:53  Pylon  
  22  1:57  Probe  
  23  2:11  Probe  
  23  2:14  Adept (Chrono Boost)  
  24  2:16  Stargate  
  26  2:23  Probe  
  26  2:29  Warp Gate  
  26  2:36  Probe  
  26  2:37  Adept  
  27  2:41  Probe  
  30  2:48  Probe  
  31  2:53  Probe  
  31  2:57  Oracle (Chrono Boost)  
  32  3:00  Probe  
  36  3:08  Probe  
  36  3:12  Probe  
  38  3:20  Probe  
  38  3:24  Oracle (Chrono Boost), Probe  
  38  3:32  Probe  
  42  3:36  Probe  
  43  3:45  Probe  
  43  3:47  Nexus  
  43  3:48  Probe  
  43  3:51  Pylon  
  43  3:54  Oracle (Chrono Boost)  
  46  4:02  Gateway  
  46  4:04  Pylon  
  46  4:05  Assimilator  
  46  4:07  Assimilator  
  46  4:09  Probe x2  
  48  4:17  Stalker  
  48  4:21  Probe x2  
  52  4:32  Twilight Council  
  52  4:33  Forge, Probe (Chrono Boost)  
  52  4:38  Probe (Chrono Boost)  
  54  4:44  Probe (Chrono Boost)  
  55  4:48  Probe (Chrono Boost)  
  55  4:49  Probe (Chrono Boost)  
  55  4:50  Blink (Chrono Boost)  
  55  4:52  Protoss Ground Weapons Level 1 (Chrono Boost)  
  57  4:56  Gateway x2  
  57  4:57  Probe  
  57  4:58  Gateway  
  59  5:00  Probe  
  59  5:01  Probe  
  60  5:14  Gateway  
  60  5:18  Gateway, Probe  
  60  5:20  Probe  
  62  5:22  Probe  
  63  5:30  Stalker, Probe  
  63  5:32  Probe  
  63  5:34  Probe  
  68  5:42  Stalker, Probe  
  71  5:44  Probe  
  71  5:45  Robotics Facility  
  71  5:46  Probe  
  73  5:51  Stalker  
  73  5:52  Stalker  
  77  5:58  Pylon  
  77  6:00  Pylon  
  77  6:09  Pylon  
  77  6:11  Photon Cannon  
  77  6:16  Stalker x3, Probe  
  84  6:18  Stalker x2  
  84  6:19  Stalker  
  84  6:23  Zealot  
  92  6:28  Probe x2  
  94  6:34  Robotics Bay  
  94  6:37  Observer  
  95  6:40  Stalker  
  95  6:44  Protoss Ground Weapons Level 2 (Chrono Boost)  
  95  6:45  Probe  
  97  6:57  Stalker x3  
  101  7:09  Nexus  
  101  7:10  Pylon x2  
  101  7:12  Pylon  
  101  7:15  Pylon  
  101  7:19  Probe  
  101  7:21  Probe  
  101  7:27  Colossus (Chrono Boost)  
  101  7:28  Zealot  
  101  7:29  Stalker x2  
  113  7:30  Stalker x2  
  113  7:32  Assimilator x2  
  117  7:41  Zealot x2  
  113  7:52  Stalker x2  
  113  7:53  Stalker x3  
  113  7:56  Nexus  
  121  7:59  Probe  
  121  8:05  Shield Battery  
  122  8:08  Charge  
  122  8:09  Templar Archives  
  122  8:11  Probe x2  
  124  8:15  Warp Prism (Chrono Boost), Photon Cannon  
  126  8:27  Probe  
  126  8:28  Zealot x2, Probe  
  126  8:31  Pylon  
  126  8:34  Pylon  
  126  8:47  Stalker x3, Zealot x2  
  128  8:50  High Templar x2  
  128  8:53  Shield Battery  
  128  8:54  Immortal (Chrono Boost)  
  128  8:55  Archon  
  136  8:58  Robotics Facility  
  136  9:05  Shield Battery  
  136  9:08  Shield Battery  
  136  9:09  Shield Battery  
  136  9:11  Zealot x2, High Templar x2  
  136  9:16  Archon  
  144  9:29  Zealot  
  144  9:30  Zealot  
  142  9:34  Zealot x3  
  142  9:39  Probe  
  142  9:44  Probe x2  
  133  9:46  Zealot x2  
  133  9:50  Probe  
  133  9:52  Zealot x2  
  139  9:55  Zealot x3  
  132  10:02  Probe x3  
  132  10:04  Assimilator  
  132  10:05  Assimilator  
  135  10:12  Zealot x4  
  143  10:14  Probe x2  
  143  10:21  Immortal  
  149  10:26  Psionic Storm  
  149  10:28  High Templar x3  
  149  10:30  Probe x2  
  149  10:33  Archon  
  149  10:35  Immortal  
  161  10:39  Probe x2  
  161  10:41  Pylon  
  163  11:03  Zealot x5  
  145  11:10  High Templar x2  
  123  11:14  Immortal  
  127  11:24  High Templar x2  
  127  11:25  High Templar x3  
  135  11:29  Archon  
  135  11:30  Archon x2  
  135  11:32  Archon  
Show
View Real Time Build Order
Export as new Build Order

Wayne Zerg - Winner!

Build Orders: Hatch First 

Get SALT Encoding   

  12  0:00  Drone  
  13  0:08  Drone  
  14  0:14  Drone, Extractor  
  15  0:36  Hatchery  
  15  0:41  Drone, Extractor  
  15  0:48  Overlord  
  15  1:02  Spawning Pool  
  14  1:06  Drone  
  14  1:10  Drone  
  16  1:13  Drone  
  17  1:20  Drone  
  18  1:27  Extractor  
  18  1:29  Drone  
  18  1:38  Drone  
  19  1:49  Queen x2  
  19  1:50  Drone  
  19  1:51  Zergling x2  
  25  2:01  Overlord  
  25  2:03  Drone  
  26  2:10  Drone  
  26  2:11  Drone  
  28  2:22  Zergling x2  
  29  2:24  Drone  
  30  2:34  Hatchery  
  29  2:40  Queen  
  31  2:45  Overlord  
  31  2:48  Drone  
  31  2:51  Metabolic Boost  
  32  2:55  Drone  
  33  3:01  Drone  
  33  3:02  Queen  
  36  3:07  Drone x2  
  36  3:09  Drone  
  39  3:14  Drone x2  
  41  3:20  Evolution Chamber  
  41  3:26  Drone  
  41  3:28  Drone x3  
  43  3:44  Drone x2  
  43  3:47  Queen  
  46  3:55  Drone x5  
  48  4:00  Queen  
  50  4:05  Spore Crawler  
  49  4:10  Overlord  
  49  4:14  Drone  
  49  4:17  Evolution Chamber  
  49  4:20  Drone  
  49  4:22  Overlord  
  49  4:28  Spore Crawler  
  49  4:29  Drone x6  
  54  4:35  Spore Crawler  
  54  4:36  Drone x2  
  55  4:40  Overlord  
  55  4:41  Drone x2  
  55  4:43  Drone x2  
  59  4:46  Drone  
  59  4:50  Zerg Melee Weapons Level 1  
  60  4:57  Overlord x2  
  60  5:03  Drone x2, Zergling x4  
  60  5:04  Drone  
  60  5:06  Lair  
  65  5:20  Drone x2  
  67  5:22  Roach Warren, Extractor  
  67  5:23  Drone, Extractor  
  67  5:24  Drone, Hatchery  
  66  5:28  Drone x5  
  66  5:32  Hatchery, Drone  
  66  5:33  Drone  
  66  5:35  Drone  
  73  5:38  Drone  
  73  5:40  Drone  
  73  5:41  Drone x2  
  73  5:42  Hatchery  
  77  5:53  Overlord  
  77  5:58  Zergling x8  
  77  6:00  Hatchery  
  77  6:02  Overlord x2  
  80  6:10  Glial Reconstitution  
  80  6:11  Overlord  
  80  6:13  Zergling x12  
  80  6:16  Overlord  
  86  6:22  Overseer  
  86  6:30  Roach x2  
  86  6:31  Zergling x10, Roach  
  97  6:39  Zergling x12, Roach  
  105  6:43  Baneling Nest  
  104  6:47  Zerg Melee Weapons Level 2  
  104  6:49  Overlord  
  104  6:54  Overlord  
  103  6:55  Zergling x10, Roach  
  103  7:00  Overlord  
  107  7:06  Zergling x10  
  109  7:11  Zergling x10  
  114  7:19  Zergling x8  
  114  7:21  Overlord  
  114  7:26  Zergling x8  
  117  7:30  Centrifugal Hooks  
  117  7:33  Drone x9  
  126  7:44  Drone x7  
  125  7:49  Overlord  
  125  7:50  Drone  
  117  7:52  Extractor  
  117  7:53  Infestation Pit  
  117  7:55  Extractor  
  117  7:56  Extractor  
  117  7:58  Drone x2  
  115  7:59  Roach x10  
  135  8:08  Drone x3  
  138  8:17  Roach x8  
  154  8:20  Spore Crawler  
  154  8:22  Drone  
  154  8:23  Drone x4, Spore Crawler  
  154  8:26  Overlord  
  157  8:29  Overlord  
  154  8:34  Zergling x12  
  154  8:40  Roach x7  
  154  8:41  Zergling x2  
  165  8:47  Hive  
  163  8:50  Zergling x14  
  170  8:56  Baneling  
  170  8:59  Zergling x18  
  179  9:10  Zergling x6  
  179  9:11  Overlord x3  
  179  9:13  Overlord  
  182  9:24  Overlord  
  180  9:27  Hatchery  
  180  9:28  Overlord  
  172  9:32  Zergling x2  
  172  9:33  Zergling x30  
  185  9:39  Spine Crawler  
  181  9:52  Zergling x20  
  189  9:59  Viper x3  
  189  10:02  Ravager x2  
  189  10:04  Baneling x10  
  189  10:05  Drone  
  189  10:06  Drone  
  193  10:08  Zerg Ground Armor Level 1, Evolution Chamber  
  193  10:11  Ultralisk Cavern  
  193  10:12  Spine Crawler x2, Extractor  
  193  10:13  Drone x3  
  193  10:14  Adrenal Glands  
  190  10:15  Zergling x16  
  198  10:22  Drone  
  199  10:29  Baneling  
  199  10:30  Baneling x10  
  199  10:36  Baneling x9  
  199  10:45  Hatchery  
  199  10:48  Drone  
  199  10:49  Drone  
  162  11:12  Zergling x44  
  162  11:13  Zergling x4  
  162  11:16  Ravager  
  187  11:22  Ultralisk x2  
  174  11:42  Zergling x2  
  174  11:43  Zergling x28  
Tags
 
Add a new tag
Caveats
  • Supply blocks, unpowered buildings, or Contaminate may cause inaccurate times.
  • Supply counts are checked every 10 seconds.